 Dungeon Crawl Stone Soup version 0.30-a0-738-g116ff8c4af (webtiles) character file.

Game seed: 6674356880431722282

25 omnomnOMINOUS the Shield-Bearer (level 3, -3/24 HPs)
             Began as an Octopode Wanderer on Feb 3, 2023.
             Slain by Sigmund
             ... wielding a +0 scythe
              (13 damage)
             ... on level 2 of the Dungeon.
             The game lasted 00:02:14 (821 turns).

omnomnOMINOUS the Shield-Bearer (Octopode Wanderer)  Turns: 821, Time: 00:02:15

Health: -3/24      AC:  4    Str:  8    XL:     3   Next: 6%
Magic:  5/5        EV: 12    Int: 14    God:
Gold:   33         SH:  5    Dex: 16    Spells: 3/5 levels left

rFire   . . .      SeeInvis .    a - +0 dagger
rCold   . . .      Faith    .    d - +0 buckler {AC+3}
rNeg    . . .      Spirit   .    (helmet restricted)
rPois   .          Reflect  .    (no amulet)
rElec   .          Harm     .    (no ring)
rCorr   .          Rampage  .    (no ring)
Will    .....                    (no ring)
Stlth   ++                       (no ring)
HPRegen 0.24/turn                (no ring)
MPRegen 0.09/turn                (no ring)
                                 (no ring)
                                 (no ring)

@: no status effects
A: almost no armour, amphibious, 8 rings, camouflage 1, gelatinous body 1,
(nimble swimmer 1), tentacles
a: no special abilities


You were on level 2 of the Dungeon.
You visited 1 branch of the dungeon, and saw 2 of its levels.

You collected 33 gold pieces.

Inventory:

Hand Weapons
 a - a +0 dagger (weapon)
Armour
 d - a +0 buckler of protection (worn)
Wands
 b - a wand of flame (7)
Scrolls
 c - a scroll of fog
 f - a scroll of blinking {unknown}
 g - a scroll of summoning {unknown}
 h - a scroll of identify {unknown}
 j - a scroll of noise {unknown}
Potions
 e - 2 potions of invisibility {unknown}
 i - 2 potions of cancellation {unknown}


   Skills:
 + Level 1.6 Fighting
 + Level 1.0 Dodging
 + Level 4.2 Shields
 + Level 1.5 Spellcasting
 - Level 2.0 Necromancy
 - Level 2.1 Evocations


You had 3 spell levels left.
You knew the following spells:

 Your Spells              Type           Power      Damage    Failure   Level
a - Kiss of Death         Conj/Necr      12%        2d6       22%         1
b - Apportation           Tloc           2%         N/A       32%         1

Your spell library contained the following spells:

 Spells                   Type           Power      Damage    Failure   Level
 Vampiric Draining        Necr           6%         2d6       38%         3
 Alistair's Intoxication  Tmut/Pois      0%         N/A       100%        5


Dungeon Overview and Level Annotations

Branches:
Dungeon (2/15)

Altars:

Annotations:
D:2 Sigmund


Innate Abilities, Weirdness & Mutations

You cannot wear most types of armour.
You are amphibious.
You can wear up to eight rings at the same time.
Your skin changes colour to match your surroundings (Stealth+).
Your rubbery body absorbs attacks. (AC +1, EV +1)
((You are camouflaged when in or above water. (Stealth+)))
You have tentacles for arms and can constrict up to eight enemies at once.


Message History

No target in view!
No target in view!
No target in view!
No target in view!
No target in view!
No target in view!
No target in view!
No target in view!
No target in view!
No target in view!
No target in view!
No target in view!
No target in view!
No target in view!
You see here a ball python corpse.
Sigmund the Dreaded comes into view.
He is wielding a +0 scythe.
Sigmund is nearby!
Sigmund is nearby!
Sigmund shouts!
Sigmund drinks a potion.
Sigmund seems to grow stronger.
You block Sigmund's attack.
You hit Sigmund. You grab Sigmund.
Sigmund is lightly wounded.
You constrict Sigmund. You hit Sigmund. Your squeeze misses Sigmund.
Sigmund is lightly wounded.
You constrict Sigmund. Sigmund closely misses you.
You hit Sigmund.
Sigmund is moderately wounded.
You constrict Sigmund, but do no damage.
Sigmund hits you with a +0 scythe!
Ouch! That really hurt!
You hit Sigmund but do no damage. You squeeze Sigmund, but do no damage.
Sigmund is moderately wounded.
You constrict Sigmund, but do no damage.
You hit Sigmund.
Sigmund is moderately wounded.
You constrict Sigmund. Sigmund hits you with a +0 scythe!
Ouch! That really hurt!
You die...

# # #.#..# ###
.#### ##......
..##..... #
##.....#.# #.#...#
##.....# ..# #@..#
......# #.# #@#
..#.### #.# #.#
#...# #.##+##.#
#..## #.......#
#...# ###.#.†.###
..#.#####....[#...#
###...##..#####...#
......#<.## #...#
####....## #...#


You could see Sigmund (strong).

Vanquished Creatures
  A worm (D:2)
  3 ball pythons
  A bat (D:1)
  An endoplasm (D:1)
  A giant cockroach (D:1)
  A goblin (D:1)
  3 hobgoblins
  2 quokkas
  3 frilled lizards
  3 kobolds (D:1)
  A rat (D:1)
20 creatures vanquished.

Notes
Turn   | Place    | Note
-------+----------+-------------------------------------------
     0 | D:1      | omnomnOMINOUS the Octopode Wanderer began the quest for the
                  | Orb.
     0 | D:1      | omnomnOMINOUS set off with the following items: a +0
                  | dagger, a wand of flame (7), a scroll of fog, a +0 buckler
                  | of protection; and the following spell memorised: Kiss of
                  | Death; and the following spells available to memorise:
                  | Vampiric Draining.
     0 | D:1      | Reached XP level 1. HP: 13/13 MP: 2/2
   150 | D:1      | Reached XP level 2. HP: 18/18 MP: 3/3
   770 | D:2      | Reached skill level 1 in Dodging
   779 | D:2      | Reached XP level 3. HP: 23/23 MP: 5/5
   782 | D:2      | Learned a level 1 spell: Apportation
   810 | D:2      | Noticed Sigmund
   821 | D:2      | Slain by Sigmund

Illustrated notes

Levels and vault maps discovered:
D:1:      evilmike_arrival_crescent, layout_loops_ring, kennysheep_flooded_box
D:2:      layout_rooms, minmay_misc_feat_room, minmay_tripent, uniq_sigmund

Skill      XL: |  1  2 |
---------------+-------+-----
Dodging        | 1 |  1.0
Fighting       | |  1.6
Shields        | |  4.2
Spellcasting   | |  1.5
Necromancy     | |  2.0
Evocations     | |  2.1

Action                     || total
---------------------------++-------
  Melee: Dagger            ||    38
         Tentacles         ||    10
         Constrict         ||     9
   Stab: Sleeping          ||    10
 Armour: Skin              ||     2
  Dodge: Dodged            ||    12
  Block: Buckler           ||     4

Table legend: (Time is in decaauts)
 A = Elapsed time spent in this place.
 B = Non-inter-level travel time spent in this place.
 C = Inter-level travel time spent in this place.
 D = Time resting spent in this place.
 E = Time spent auto-exploring this place.
 F = Levels seen in this place.
 G = Mean time per level.
                   A        B        C        D        E       F      G
               +--------+--------+--------+--------+--------+-----+--------+
         Total |    822 |    804 |     18 |      0 |    667 |   2 |  411.0 |
       Dungeon |    822 |    804 |     18 |      0 |    667 |   2 |  411.0 |
               +--------+--------+--------+--------+--------+-----+--------+

Top non-repeatable levels by time:
     D:1: 725 daAuts
     D:2: 97 daAuts
